APL (24 & UNDER)
NANTUCKET ORCAS @ ATHENS ASSASSINS
08/26/2030
 
TOP OF THE 1ST
Nantucket Orcas batting - Pitching for Athens Assassins : RHP Rafael Reyes
Pitching: RHP Rafael Reyes
Batting: RHB Charlie Pérez 0-0: Ball
1-0: Fly out, F8 (Flyball, 8LD)
Batting: RHB Demetrio Inrouville 0-0: Ball
1-0: Foul Ball, location: 2F
1-1: DOUBLE (Groundball, 5L)
Batting: RHB Hunter Hudson 0-0: Ball
1-0: Ball
2-0: Ball
3-0: Called Strike
3-1: SINGLE (Groundball, 56) (infield hit)
Demetrio Inrouville to third
Batting: RHB Matt Dundee 0-0: Called Strike
0-1: Ball
1-1: Called Strike
1-2: Strikes out swinging
Batting: RHB Luis Cruz 0-0: Ball
1-0: Swinging Strike
1-1: Called Strike
1-2: Fielders Choice at 2nd, U6 (Groundball, 6M)
Top of the 1st over - 0 runs, 2 hits, 0 errors, 2 left on base; Nantucket 0 - Athens 0
BOTTOM OF THE 1ST
Athens Assassins batting - Pitching for Nantucket Orcas : RHP John Arnold
Pitching: RHP John Arnold
Batting: RHB Clancy Bradshaw 0-0: Ball
1-0: Foul Ball, location: 2F
1-1: Ball
2-1: Ground out 4-3 (Groundball, 4S)
Batting: RHB Maximino Abbado 0-0: Called Strike
0-1: Called Strike
0-2: Ball
1-2: Fly out, F8 (Line Drive, 8LM)
Batting: RHB John Conway 0-0: Ball
1-0: Ball
2-0: Ball
3-0: Base on Balls
Batting: RHB Jonathon García 0-0: Called Strike
0-1: Ball
1-1: Ball
2-1: Foul Ball, location: 2F
2-2: Foul Ball, location: 2F
2-2: Foul Ball, location: 2F
2-2: Ball
3-2: Base on Balls
John Conway to second
Batting: RHB Luis López 0-0: Called Strike
0-1: Ball
1-1: Called Strike
1-2: Strikes out looking
Bottom of the 1st over - 0 runs, 0 hits, 0 errors, 2 left on base; Nantucket 0 - Athens 0
TOP OF THE 2ND
Nantucket Orcas batting - Pitching for Athens Assassins : RHP Rafael Reyes
Batting: SHB Cristián Salazar 0-0: SINGLE (Groundball, 4) (infield hit)
Batting: RHB Curt O'Brian 0-0: Ball
Cristián Salazar steals 2nd base
1-0: Ball
2-0: SINGLE (Line Drive, 6MD)
Cristián Salazar to third
Runner from 3rd tries for Home, throw and OUT!
Curt O'Brian to second
Batting: LHB Otis Campbell 0-0: Ball
1-0: Called Strike
1-1: Called Strike
1-2: Strikes out swinging
Batting: RHB Juan Gómez 0-0: Called Strike
0-1: Foul Ball, location: 2F
0-2: Foul Ball, location: 2F
0-2: Fly out, F7 (Line Drive, 7D)
Top of the 2nd over - 0 runs, 2 hits, 0 errors, 1 left on base; Nantucket 0 - Athens 0
BOTTOM OF THE 2ND
Athens Assassins batting - Pitching for Nantucket Orcas : RHP John Arnold
Batting: RHB Carlos Dumenigo 0-0: Foul Ball, location: 2F
0-1: Fly out, F8 (Flyball, 8LM)
Batting: RHB Jorge Loanos 0-0: SINGLE (Groundball, 56D)
Batting: RHB Arnie Williams 0-0: Called Strike
0-1: Called Strike
0-2: Foul Ball, location: 2F
0-2: Ball
1-2: Strikes out swinging
Batting: RHB Alfonso Flores 0-0: Ball
1-0: Ball
2-0: Called Strike
2-1: Called Strike
2-2: Ball
3-2: Foul Ball, location: 2F
3-2: Base on Balls
Jorge Loanos to second
Batting: RHB Clancy Bradshaw 0-0: Called Strike
0-1: Ball
1-1: TRIPLE (Flyball, 78XD)
Jorge Loanos scores
Alfonso Flores scores
Batting: RHB Maximino Abbado 0-0: Ground out 5-3 (Groundball, 56)
Bottom of the 2nd over - 2 runs, 2 hits, 0 errors, 1 left on base; Nantucket 0 - Athens 2
TOP OF THE 3RD
Nantucket Orcas batting - Pitching for Athens Assassins : RHP Rafael Reyes
Batting: RHB Charlie Pérez 0-0: Ball
1-0: Ball
2-0: SINGLE (Flyball, 78M)
Batting: RHB Demetrio Inrouville 0-0: Ball
1-0: Called Strike
1-1: Ball
2-1: SINGLE (Line Drive, 78S)
Charlie Pérez to second
Batting: RHB Hunter Hudson 0-0: Foul Ball, location: 2F
0-1: Fly out, F7 (Flyball, 78D)
Batting: RHB Matt Dundee 0-0: Ball
Charlie Pérez is caught stealing 3rd base
Demetrio Inrouville to second
1-0: Fly out, F9 (Flyball, 9LD)
Top of the 3rd over - 0 runs, 2 hits, 0 errors, 1 left on base; Nantucket 0 - Athens 2
BOTTOM OF THE 3RD
Athens Assassins batting - Pitching for Nantucket Orcas : RHP John Arnold
Batting: RHB John Conway 0-0: Ball
1-0: Swinging Strike
1-1: SINGLE (Groundball, 6D)
Batting: RHB Jonathon García 0-0: Ball
1-0: Foul Ball, location: 2F
1-1: Fly out, F7 (Flyball, 7)
Batting: RHB Luis López 0-0: Called Strike
0-1: Ball
1-1: Swinging Strike
1-2: Strikes out looking
Batting: RHB Carlos Dumenigo 0-0: Called Strike
0-1: Ball
1-1: Ball
2-1: Ball
3-1: Fly out, F7 (Line Drive, 7S)
Bottom of the 3rd over - 0 runs, 1 hit, 0 errors, 1 left on base; Nantucket 0 - Athens 2
TOP OF THE 4TH
Nantucket Orcas batting - Pitching for Athens Assassins : RHP Rafael Reyes
Batting: RHB Luis Cruz 0-0: Ball
1-0: Swinging Strike
1-1: Swinging Strike
1-2: Strikes out swinging
Batting: SHB Cristián Salazar 0-0: Called Strike
0-1: Swinging Strike
0-2: Ball
1-2: SINGLE (Groundball, 4MD)
Batting: RHB Curt O'Brian 0-0: Called Strike
Cristián Salazar is caught stealing 2nd base
0-1: SINGLE (Groundball, 34S) (infield hit)
Batting: LHB Otis Campbell 0-0: Ball
Curt O'Brian steals 2nd base
1-0: Called Strike
1-1: Ground out 6-3 (Groundball, 6)
Top of the 4th over - 0 runs, 2 hits, 0 errors, 1 left on base; Nantucket 0 - Athens 2
BOTTOM OF THE 4TH
Athens Assassins batting - Pitching for Nantucket Orcas : RHP John Arnold
Batting: RHB Jorge Loanos 0-0: Called Strike
0-1: Foul Ball, location: 2F
0-2: Ground out 4-3 (Groundball, 4)
Batting: RHB Arnie Williams 0-0: Fly out, F8 (Flyball, 8LM)
Batting: RHB Alfonso Flores 0-0: Foul Ball, location: 2F
0-1: Foul Ball, location: 2F
0-2: Foul Ball, location: 2F
0-2: Ball
1-2: Foul Ball, location: 2F
1-2: Ball
2-2: Ball
3-2: Foul Ball, location: 2F
3-2: Foul Ball, location: 2F
3-2: Strikes out swinging
Bottom of the 4th over - 0 runs, 0 hits, 0 errors, 0 left on base; Nantucket 0 - Athens 2
TOP OF THE 5TH
Nantucket Orcas batting - Pitching for Athens Assassins : RHP Rafael Reyes
Batting: RHB Juan Gómez 0-0: Ball
1-0: Fly out, F4 (Popup, 3DF)
Batting: RHB Charlie Pérez 0-0: Called Strike
0-1: SINGLE (Line Drive, 6MD)
Batting: RHB Demetrio Inrouville 0-0: Ball
1-0: Ball
2-0: Called Strike
2-1: Grounds into double play, 6-4-3 (Groundball, 6)
Top of the 5th over - 0 runs, 1 hit, 0 errors, 0 left on base; Nantucket 0 - Athens 2
BOTTOM OF THE 5TH
Athens Assassins batting - Pitching for Nantucket Orcas : RHP John Arnold
Batting: RHB Clancy Bradshaw 0-0: Ball
1-0: Fly out, F9 (Flyball, 9S)
Batting: RHB Maximino Abbado 0-0: Ball
1-0: Ball
2-0: Ball
3-0: Base on Balls
Batting: RHB John Conway 0-0: Called Strike
0-1: Ball
1-1: Called Strike
1-2: Ball
2-2: Ball
3-2: Base on Balls
Maximino Abbado to second
Batting: RHB Jonathon García 0-0: Ball
1-0: Ball
2-0: Foul Ball, location: 2F
2-1: Called Strike
2-2: Ball
3-2: Strikes out swinging
Batting: RHB Luis López 0-0: Called Strike
0-1: Hit by Pitch
Maximino Abbado to third
John Conway to second
Batting: RHB Carlos Dumenigo 0-0: Fly out, F8 (Flyball, 8RXD)
Bottom of the 5th over - 0 runs, 0 hits, 0 errors, 3 left on base; Nantucket 0 - Athens 2
TOP OF THE 6TH
Nantucket Orcas batting - Pitching for Athens Assassins : RHP Rafael Reyes
Batting: RHB Hunter Hudson 0-0: Fly out, F9 (Flyball, 9D)
Batting: RHB Matt Dundee 0-0: Called Strike
0-1: Swinging Strike
0-2: Ball
1-2: Ball
2-2: SINGLE (Line Drive, 4MD)
Batting: RHB Luis Cruz 0-0: Ball
1-0: Ground out 5-3 (Groundball, 56S)
Matt Dundee to second
Batting: SHB Cristián Salazar 0-0: Ground out 4-3 (Groundball, 4)
Top of the 6th over - 0 runs, 1 hit, 0 errors, 1 left on base; Nantucket 0 - Athens 2
BOTTOM OF THE 6TH
Athens Assassins batting - Pitching for Nantucket Orcas : RHP John Arnold
Batting: RHB Jorge Loanos 0-0: SINGLE (Flyball, 8LS)
Batting: RHB Arnie Williams 0-0: Ball
1-0: Ball
2-0: Called Strike
2-1: Grounds into double play, 5-4-3 (Groundball, 56)
Batting: RHB Alfonso Flores 0-0: Called Strike
0-1: Called Strike
0-2: Ball
1-2: Strikes out swinging
Bottom of the 6th over - 0 runs, 1 hit, 0 errors, 0 left on base; Nantucket 0 - Athens 2
TOP OF THE 7TH
Nantucket Orcas batting - Pitching for Athens Assassins : RHP Rafael Reyes
Batting: RHB Curt O'Brian 0-0: Foul Ball, location: 2F
0-1: SINGLE (Flyball, 7LS)
Batting: LHB Otis Campbell 0-0: Called Strike
0-1: Swinging Strike
0-2: Ball
1-2: Ball
2-2: SINGLE (Flyball, 7S)
Curt O'Brian to second
Batting: RHB Juan Gómez 0-0: Called Strike
0-1: Bunted foul
0-2: Foul Ball, location: 2F
0-2: Foul Ball, location: 2F
0-2: Grounds into double play, 6-4-3 (Groundball, 6M)
Curt O'Brian to third
Batting: RHB Charlie Pérez 0-0: Ball
1-0: Fly out, F8 (Flyball, 8RM)
Top of the 7th over - 0 runs, 2 hits, 0 errors, 1 left on base; Nantucket 0 - Athens 2
BOTTOM OF THE 7TH
Athens Assassins batting - Pitching for Nantucket Orcas : RHP John Arnold
Pitching: RHP Gerard Pérez
Batting: RHB Clancy Bradshaw 0-0: Fly out, F9 (Flyball, 9S)
Batting: RHB Maximino Abbado 0-0: Swinging Strike
0-1: Fly out, F8 (Flyball, 8RD)
Batting: RHB John Conway 0-0: Foul Ball, location: 2F
0-1: Foul Ball, location: 2F
0-2: Strikes out swinging
Bottom of the 7th over - 0 runs, 0 hits, 0 errors, 0 left on base; Nantucket 0 - Athens 2
TOP OF THE 8TH
Nantucket Orcas batting - Pitching for Athens Assassins : RHP Rafael Reyes
Batting: RHB Demetrio Inrouville 0-0: Called Strike
0-1: Ground out 4-3 (Groundball, 4)
Batting: RHB Hunter Hudson 0-0: Ground out 3-1 (Groundball, 34)
Batting: RHB Matt Dundee 0-0: Ground out 5-3 (Groundball, 5)
Top of the 8th over - 0 runs, 0 hits, 0 errors, 0 left on base; Nantucket 0 - Athens 2
BOTTOM OF THE 8TH
Athens Assassins batting - Pitching for Nantucket Orcas : RHP Gerard Pérez
Batting: RHB Jonathon García 0-0: Ball
1-0: Fly out, F7 (Flyball, 78S)
Batting: RHB Luis López 0-0: Ball
1-0: Ball
2-0: Ball
3-0: Base on Balls
Batting: RHB Carlos Dumenigo 0-0: Ball
1-0: Called Strike
1-1: Swinging Strike
1-2: Ball
2-2: Ground out 6-3 (Groundball, 6S)
Luis López to second
Batting: RHB Jorge Loanos 0-0: Ball
1-0: Called Strike
1-1: Ground out 6-3 (Groundball, 6)
Bottom of the 8th over - 0 runs, 0 hits, 0 errors, 1 left on base; Nantucket 0 - Athens 2
TOP OF THE 9TH
Nantucket Orcas batting - Pitching for Athens Assassins : RHP Rafael Reyes
Batting: RHB Luis Cruz 0-0: Ball
1-0: Foul Ball, location: 2F
1-1: Ball
2-1: Ground out 6-3 (Groundball, 6)
Pitching: LHP Dan Thompson
Batting: SHB Cristián Salazar 0-0: Foul Ball, location: 2F
0-1: Ground out 5-3 (Groundball, 56)
Batting: RHB Curt O'Brian 0-0: Called Strike
0-1: Ball
1-1: Foul Ball, location: 2F
1-2: Ball
2-2: Ground out 5-3 (Groundball, 5)
Top of the 9th over - 0 runs, 0 hits, 0 errors, 0 left on base; Nantucket 0 - Athens 2
Saturday, April 7th, 2018 - OOTP Baseball 18.8 Build 76